AoeStats
← 一条固执的鱼

Oasis

509903470Analyzed
4v4 RM · 3d ago on Sep 28, 2026· 24m 12s· 8 players
Game mode
Random Map
Map size
Large (8 player)
Population
200
Speed
Normal
Resources
Standard
Victory
Conquest
Starting age
Dark Age
Ending age
Imperial Age
RankedLock teamsTeams togetherTeam positionsShared explorationLock speedFull tech treeHidden civsTurbo modeCheats
Victory
Defeat
🇵🇹 Dravidians · Portugal
1363
+14
🇨🇳 Franks · China
1300
+17
🇪🇪 Maya · Estonia
1292
+17
🇩🇪 Magyars · Germany
1275
+18
🇨🇳 Ethiopians · China
1335
-17
🇨🇳 Saracens · China
1330
-17
🇨🇳 Franks · China
1315
-16
🇨🇳 Poles · China
1305
-16
华
6:05 Loom
9:00 Feudal Age
9:36 Double-Bit Axe
13:27 Forging
23:07 Castle Age
22:01 Wheelbarrow
21:11 Town Watch
21:37 Scale Barding Armor
24:05 Bow Saw
24:00 Husbandry
24:26 Chain Barding Armor
23:55 Town Watch
24:07 Gold Mining
Quetz
0:28 Loom
8:57 Feudal Age
9:45 Double-Bit Axe
16:28 Fletching
18:55 Wheelbarrow
18:53 Padded Archer Armor
22:50 Castle Age
21:27 Gold Mining
21:54 Horse Collar
23:27 Bodkin Arrow
22:54 Crossbowman
24:38 Bow Saw
Combi | Papin
7:10 Loom
7:13 Loom
10:15 Feudal Age
12:43 Fletching
17:50 Padded Archer Armor
24:01 Castle Age
23:08 Double-Bit Axe
24:39 Bodkin Arrow
24:05 Crossbowman
Phil
9:41 Feudal Age
8:00 Loom
12:53 Horse Collar
13:04 Double-Bit Axe
14:38 Scale Barding Armor
22:46 Castle Age
23:30 Bloodlines
小帮手绝活哥
11:15 Feudal Age
12:03 Loom
13:11 Double-Bit Axe
14:51 Gold Mining
16:31 Wheelbarrow
19:56 Castle Age
19:27 Scale Barding Armor
19:34 Forging
21:10 Chain Barding Armor
22:47 Husbandry
809591945
8:46 Loom
10:32 Feudal Age
10:48 Loom
15:17 Castle Age
16:09 Scale Barding Armor
22:16 Town Watch
22:58 Husbandry
24:52 Bloodlines
一条固执的鱼
5:14 Loom
10:12 Feudal Age
11:55 Double-Bit Axe
沉着 冷静
6:32 Loom
9:37 Feudal Age
10:10 Double-Bit Axe
19:43 Fletching
23:12 Padded Archer Armor
Connection lost

Rejoining the realm…

Still unreachable

The connection could not be restored.

Session expired

The server has moved on; the page needs a fresh start.